 Dungeon Crawl Stone Soup version 0.32-a0-468-g38b2580584 (webtiles) character file.

Game seed: 8998845062303989354

168 ezpacito the Trooper (level 5, -4/41 HPs)
             Began as a Demonspawn Chaos Knight on Feb 25, 2024.
             Was a Plaything of Xom.
             Slain by Duvessa
             ... wielding a +6 short sword of holy wrath
              (7 damage)
             ... on level 4 of the Dungeon.
             The game lasted 00:02:32 (2246 turns).

ezpacito the Trooper (Demonspawn Chaos Knight)      Turns: 2246, Time: 00:02:32

Health: -4/41      AC:  7    Str: 15    XL:     5   Next: 24%
Magic:  6/6        EV: 18    Int: 12    God:    Xom [...*..]
Gold:   172        SH:  0    Dex: 12    Spells: 2/6 levels left

rFire   + + .        a - melded +0 hand axe (chaos)
rCold   + + .        (shield currently unavailable)
rNeg    + + +        b - melded +2 leather armour
rPois   ∞            (helmet currently unavailable)
rElec   +            (cloak currently unavailable)
rCorr   +            (gloves currently unavailable)
SInv    .            (boots currently unavailable)
Will    .....        q - melded amulet of regeneration
Stlth   +            k - melded +5 ring of evasion
HPRegen 0.26/turn    t - melded ring of positive energy
MPRegen 0.10/turn

%: no passive effects
@: lit by a corona, wisp-form (expiring), flying, glowing
A: insubstantial, flying, no casting, tiny, (thin metallic scales 1), (spiny 1),
demonic magic 1
a: Renounce Religion


You were on level 4 of the Dungeon.
You worshipped Xom.
You were a favourite toy of Xom.
You were an insubstantial wisp.
You visited 1 branch of the dungeon, and saw 4 of its levels.

You collected 172 gold pieces.

Inventory:

Hand Weapons
 a - a +0 hand axe of chaos (melded)
Armour
 b - a +2 leather armour (melded)
Jewellery
 k - a +5 ring of evasion (melded)
 q - an amulet of regeneration (melded)
 t - a ring of positive energy (melded)
 u - a ring of positive energy
Scrolls
 d - 3 scrolls of fog {unknown}
 f - 2 scrolls of blinking {unknown}
 g - 4 scrolls of immolation {unknown}
 h - 4 scrolls of teleportation {unknown}
 i - a scroll of fear {unknown}
 j - a scroll of revelation {unknown}
 n - 3 scrolls of amnesia {unknown}
 o - a scroll of identify {unknown}
 p - 2 scrolls of torment {unknown}
Potions
 e - a potion of enlightenment {unknown}
 l - a potion of degeneration {unknown}
 m - a potion of heal wounds {unknown}
 r - a potion of curing {unknown}
 s - 2 potions of invisibility {unknown}


   Skills:
 * Level 3.5 Fighting
 * Level 3.0(3.2) Axes
 + Level 1.1(2.2) Polearms
 * Level 2.4 Armour
 * Level 2.0 Dodging
 + Level 1.1 Stealth
 * Level 1.4 Unarmed Combat
 * Level 1.1 Spellcasting
 + Level 0.2 Conjurations


You had 2 spell levels left.
You knew the following spells:

 Your Spells              Type           Power      Damage    Failure   Level
a - Magic Dart            Conj           4%         1d3       26%         1
b - Shock                 Conj/Air       4%         1d3       28%         1
c - Searing Ray           Conj           2%         2d4       38%         2

Your spell library contained the following spells:

 Spells                   Type           Power      Damage    Failure   Level
 Swiftness                Air            0%         N/A       65%         3
 Fulminant Prism          Conj/Alch      0%         3d5       95%         4
 Airstrike                Air            0%         2d(0-16)  96%         4


Dungeon Overview and Level Annotations

Branches:
Dungeon (4/15)
 Temple: D:4-7

Altars:
Xom

Annotations:
D:4 Dowan, Duvessa


Innate Abilities, Weirdness & Mutations

You are an insubstantial wisp.
Your tiny insubstantial body is highly resistant to most damage types.
You are flying.
Your equipment is entirely melded.
You are incapable of wielding weapons or throwing items.
You cannot cast spells.
((You are partially covered in thin metallic scales. (AC +2)))
((You are partially covered in sharp spines.))
Spells you cast may paralyse adjacent enemies.


Message History

Dowan blinks!
Unknown command.
You barely miss Duvessa.
Duvessa zaps a wand.
The puff of flame hits you. You resist.
You closely miss Duvessa. Duvessa closely misses you.
You barely miss Duvessa.
Duvessa says, "When magic and the sword combine, nothing stands against them."
Duvessa completely misses you. Dowan misses your butterfly.
You barely miss Duvessa. Duvessa closely misses you.
Dowan completely misses your butterfly.
You touch Duvessa but do no damage.
Duvessa misses you.
You touch Duvessa.
Duvessa is lightly wounded.
You touch Duvessa but do no damage.
Duvessa is lightly wounded.
Duvessa closely misses you.
You touch Duvessa.
Duvessa is lightly wounded.
Duvessa says, "Where magic fails, the sword succeeds!"
Duvessa misses you.
You closely miss Duvessa.
Duvessa is lightly wounded.
Your transformation is almost over.
Your butterfly disappears in a burst of colours!
Dowan gestures at Duvessa while chanting.
Duvessa seems to speed up.
Duvessa zaps a wand.
The puff of flame misses you.
You touch Dowan.
Dowan is moderately wounded.
Duvessa hits you with a +6 short sword of holy wrath!
You convulse!
Dowan misses you.
Duvessa hits you with a +6 short sword of holy wrath.
You convulse.
Dowan attacks as he pursues you! Dowan hits you with a +0 dagger.
* * * LOW HITPOINT WARNING * * *
Duvessa attacks as she pursues you! Duvessa barely misses you.
Duvessa hits you with a +6 short sword of holy wrath!
* * * LOW HITPOINT WARNING * * *
You convulse!
You die...
Xom howls with laughter!

#...## ......#
#......##
...b.b..##
..b.b.b..##
.....bbb...##
#....bbbb.....##
#...b.b.b.b.e.b.#
##....(..bbbbev..#
.
#......(bb......##
..#......bbb.b.b.##
..#........b....##
...............##
..............##
............###
..........###
.......####


You could see Duvessa (fast, ally target) and Dowan (ally target).

Vanquished Creatures
  A scorpion (D:3)
  3 gnolls (D:2)
  2 adders
  2 dart slugs
  An orc (D:3)
  7 bats
  6 endoplasms
  2 giant cockroaches (D:3)
  8 goblins
  3 hobgoblins
  4 quokkas
  5 ball pythons
  4 frilled lizards
  6 kobolds
  6 rats
60 creatures vanquished.

Notes
Turn   | Place    | Note
-------+----------+-------------------------------------------
     0 | D:1      | ezpacito the Demonspawn Chaos Knight began the quest for
                  | the Orb.
     0 | D:1      | Reached XP level 1. HP: 18/18 MP: 1/1
    51 | D:1      | XOM: potion effect (invisibility)
    53 | D:1      | Reached skill level 1 in Dodging
   150 | D:1      | XOM: butterfly on damage
   155 | D:1      | Gained mutation: Spells you cast may paralyse adjacent
                  | enemies. [demonic ancestry]
   155 | D:1      | Reached XP level 2. HP: 18/24 MP: 2/2
   734 | D:2      | XOM: potion effect (might)
   739 | D:2      | XOM: confuse monster(s)
   740 | D:2      | Gained mutation: You are partially covered in sharp spines.
                  | [demonic ancestry]
   740 | D:2      | Reached XP level 3. HP: 20/29 MP: 3/3
   910 | D:2      | XOM: silly message
   946 | D:2      | Reached skill level 1 in Stealth
   946 | D:2      | Gained mutation: You are partially covered in thin metallic
                  | scales. (AC +2) [demonic ancestry]
   946 | D:2      | Reached XP level 4. HP: 35/35 MP: 3/5
   976 | D:2      | XOM: 3-stop teleportation journey
   998 | D:2      | Learned a level 1 spell: Magic Dart
  1000 | D:2      | Learned a level 1 spell: Shock
  1003 | D:2      | Learned a level 2 spell: Searing Ray
  1017 | D:2      | XOM: silly message
  1056 | D:2      | XOM: cloud trail
  1088 | D:2      | Reached skill level 1 in Unarmed Combat
  1159 | D:2      | Found a faded altar of an unknown god.
  1672 | D:3      | XOM: scenery: create altars
  1875 | D:3      | Reached skill level 1 in Polearms
  1933 | D:3      | Noticed a scorpion
  1944 | D:3      | Killed a scorpion
  1945 | D:3      | Reached skill level 1 in Spellcasting
  1945 | D:3      | Reached XP level 5. HP: 41/41 MP: 6/6
  2047 | D:3      | XOM: summons 2 hostile shadow creatures
  2225 | D:4      | Noticed Duvessa
  2225 | D:4      | Noticed Dowan
  2225 | D:4      | XOM: divination: detect items
  2228 | D:4      | XOM: divination: detect creatures
  2246 | D:4      | Slain by Duvessa

Illustrated notes

Levels and vault maps discovered:
D:1:      dpeg_arrival_orchard, layout_rooms
D:2:      layout_basic, ebering_ecumenical_altar_box, minmay_pentomino_v4
D:3:      layout_basic
D:4:      layout_cave_pods, lemuel_crystal_altar, minmay_cut_off, uniq_robin,
          uniq_duvessa, uniq_sigmund, uniq_eustachio

Skill      XL: |  1  2  3  4 |
---------------+-------------+-----
Dodging        | 1 2 |  2.0
Armour         | 2 |  2.4
Stealth        | 1 |  1.1
Unarmed Combat | 1 |  1.4
Polearms       | 1 |  1.1
Axes           | 3 |  3.0
Spellcasting   | 1 |  1.1
Fighting       | |  3.5
Conjurations   | |  0.2

Action                     |  1- 3 |  4- 6 || total
---------------------------+-------+-------++-------
  Melee: Hand axe          |    93 |    45 ||   138
         Unarmed           |       |    15 ||    15
    Use: Scroll            |       |     1 ||     1
   Stab: Invisible         |     2 |       ||     2
         Confused          |     1 |       ||     1
         Sleeping          |     1 |     2 ||     3
 Armour: Leather armour    |    57 |    10 ||    67
         Skin              |       |     7 ||     7
  Dodge: Dodged            |    69 |    40 ||   109

Table legend: (Time is in decaauts)
 A = Elapsed time spent in this place.
 B = Non-inter-level travel time spent in this place.
 C = Inter-level travel time spent in this place.
 D = Time resting spent in this place.
 E = Time spent auto-exploring this place.
 F = Levels seen in this place.
 G = Mean time per level.
                   A        B        C        D        E       F      G
               +--------+--------+--------+--------+--------+-----+--------+
         Total |   2264 |   2172 |     92 |      0 |   1743 |   4 |  566.0 |
       Dungeon |   2264 |   2172 |     92 |      0 |   1743 |   4 |  566.0 |
               +--------+--------+--------+--------+--------+-----+--------+

Top non-repeatable levels by time:
     D:2: 879 daAuts
     D:1: 729 daAuts
     D:3: 599 daAuts
     D:4: 56 daAuts
